Map: Invader LE

Players

blackxored - Winner!

  • Race: Zerg Zerg
  • League: Diamond

jasben

  • Race: Zerg Zerg
  • League: Platinum

VOD

Have the link to the VOD?

Description

Time

  • Played on: June 19, 2016, 4:56 p.m.
  • Length: 8:30
Show
View Real Time Build Order
Export as new Build Order

blackxored Zerg - Winner!

Build Orders: Pool First 

Get SALT Encoding   

  12  0:01  Drone  
  13  0:08  Drone  
  14  0:20  Extractor  
  13  0:25  Drone  
  14  0:32  Overlord  
  15  0:41  Spawning Pool  
  14  0:44  Extractor  
  14  0:45  Drone  
  14  0:51  Drone  
  14  0:56  Drone  
  16  1:07  Drone  
  17  1:11  Drone  
  18  1:23  Drone  
  19  1:29  Queen  
  19  1:31  Zergling x2  
  22  1:52  Overlord  
  22  1:57  Hatchery  
  21  2:03  Drone  
  21  2:04  Drone, Evolution Chamber  
  22  2:18  Zergling x2  
  23  2:29  Roach Warren, Drone  
  23  2:35  Zerg Ground Armor Level 1  
  23  2:48  Overlord  
  23  3:03  Drone x2  
  23  3:04  Extractor, Drone  
  25  3:10  Drone  
  25  3:11  Metabolic Boost  
  26  3:19  Queen  
  28  3:21  Roach x2  
  28  3:24  Roach  
  34  3:28  Roach  
  34  3:34  Roach  
  38  3:40  Overlord  
  38  3:46  Roach  
  39  3:58  Overlord  
  39  4:00  Roach  
  41  4:03  Roach  
  43  4:17  Ravager  
  43  4:18  Ravager  
  45  4:27  Zergling x12  
  51  4:31  Overlord  
  51  4:51  Zergling x12  
  57  4:58  Drone x2  
  59  5:07  Lair  
  59  5:15  Overlord  
  52  5:42  Roach  
  52  5:43  Roach x5  
  56  5:51  Zergling x8  
  56  5:54  Zergling x2  
  59  6:02  Ravager  
  59  6:03  Ravager x3  
  63  6:07  Ravager  
  64  6:14  Drone x3  
  67  6:23  Overlord  
  65  6:41  Zergling x2  
  65  6:42  Zergling x18  
  66  6:51  Roach  
  68  7:00  Roach x3  
  68  7:05  Ravager  
  67  7:08  Zergling x2  
  67  7:09  Zergling x6  
  72  7:23  Ravager  
  72  7:27  Ravager  
  72  7:28  Ravager  
  74  7:31  Zergling x2  
  74  7:33  Overlord x3  
  75  7:51  Roach x5  
  77  7:57  Zergling x6  
  77  7:58  Zergling x2  
Show
View Real Time Build Order
Export as new Build Order

jasben Zerg 

Build Orders: Pool First, Ravager All-In 

Get SALT Encoding   

  12  0:02  Drone  
  13  0:09  Drone  
  14  0:17  Overlord  
  14  0:36  Drone  
  14  0:37  Drone x2  
  17  0:47  Spawning Pool  
  17  0:48  Drone  
  17  0:57  Extractor  
  17  0:58  Drone  
  17  1:09  Drone  
  18  1:20  Drone  
  19  1:30  Overlord  
  19  1:33  Queen  
  21  1:40  Roach Warren  
  21  1:42  Drone  
  21  1:52  Drone  
  22  2:02  Overlord, Extractor  
  21  2:23  Roach  
  21  2:27  Roach  
  25  2:32  Queen  
  27  2:37  Roach  
  27  2:44  Hatchery  
  28  2:48  Ravager x2  
  32  2:51  Roach x2  
  34  3:49  Overlord x2  
  34  3:52  Ravager  
  34  3:53  Ravager x2  
  37  4:18  Roach x7  
  51  5:03  Roach x4  
  51  5:04  Overlord  
  43  5:55  Roach  
  43  5:56  Roach x5  
  55  6:17  Roach  
  55  6:18  Roach x5  
  67  6:21  Overlord x3  
  67  6:32  Overlord  
  54  6:44  Roach  
  54  6:45  Roach x2  
  40  6:58  Roach  
  36  7:02  Roach  
  36  7:03  Roach  
  34  7:09  Ravager  
  34  7:11  Ravager x2  
  37  7:26  Roach  
  37  7:27  Roach  
  41  7:35  Ravager x3  
  27  7:58  Roach  
  27  8:05  Roach x2  
Tags
 
Add a new tag
Caveats
  • Supply blocks, unpowered buildings, or Contaminate may cause inaccurate times.
  • Supply counts are checked every 10 seconds.